AoeStats
← Dinho peek

Fortress

508112241Analyzed
4v4 RM · 13d ago on Sep 20, 2026· 38m 26s· 8 players
Game mode
Random Map
Map size
Huge
Population
200
Speed
Normal
Resources
Standard
Victory
Conquest
Starting age
Dark Age
Ending age
Imperial Age
RankedLock teamsTeams togetherTeam positionsShared explorationLock speedFull tech treeHidden civsTurbo modeCheats
Victory
Defeat
1499
+11
🇦🇷 Portuguese · Argentina
1420
+14
🇦🇷 Italians · Argentina
1408
+14
🇦🇷 Koreans · Argentina
1356
+16
🇪🇸 Wei · Spain
1484
-18
🇦🇷 Persians · Argentina
1479
-18
🇦🇷 Vietnamese · Argentina
1302
-11
🇦🇷 Teutons · Argentina
1218
-8
TuCAAA :D
7:20 Feudal Age
8:04 Loom
11:11 Castle Age
9:43 Double-Bit Axe
10:16 Horse Collar
11:57 Forging
11:55 Scale Barding Armor
16:46 Husbandry
17:54 Bloodlines
23:42 Imperial Age
21:53 Wheelbarrow
21:38 Bow Saw
22:26 Heavy Plow
23:06 Gold Mining
24:31 Iron Casting
23:43 Cavalier
25:53 Chain Barding Armor
27:27 Conscription
29:39 Hand Cart
30:43 Chemistry
31:13 Blast Furnace
BoxStars
7:22 Feudal Age
6:31 Loom
10:22 Fletching
11:33 Double-Bit Axe
13:01 Horse Collar
17:46 Wheelbarrow
19:57 Castle Age
18:49 Gold Mining
18:50 Stone Mining
22:10 Scale Mail Armor
22:22 Forging
21:38 Pikeman
22:19 Squires
22:54 Bow Saw
26:26 Chain Mail Armor
28:26 Heavy Plow
35:00 Iron Casting
39:31 Imperial Age
37:47 Arson
Dinho peek
8:15 Feudal Age
12:15 Castle Age
10:05 Double-Bit Axe
10:13 Fletching
11:41 Gold Mining
11:33 Horse Collar
13:11 Bodkin Arrow
16:02 Loom
17:53 Wheelbarrow
18:10 Padded Archer Armor
19:38 Bow Saw
20:13 Ballistics
20:49 Heavy Plow
21:38 Leather Archer Armor
28:18 Hand Cart
27:56 Stone Mining
30:48 Murder Holes
34:14 Imperial Age
33:19 Town Watch
34:04 Bloodlines
33:54 Husbandry
34:00 Scale Barding Armor
34:05 Forging
34:54 Chatras
37:27 Light Cavalry
Garabatov
8:13 Feudal Age
9:19 Double-Bit Axe
9:24 Horse Collar
12:14 Castle Age
14:01 Wheelbarrow
14:13 Bow Saw
14:05 Heavy Plow
14:59 Loom
19:37 Town Watch
20:11 Hand Cart
19:50 Fletching
20:47 Padded Archer Armor
21:54 Stone Mining
21:56 Gold Mining
23:25 Scale Barding Armor
23:23 Husbandry
23:35 Bloodlines
24:49 Gold Shaft Mining
25:26 Tuntian
26:08 Chain Barding Armor
25:59 Forging
29:12 Imperial Age
30:20 Conscription
29:32 Elite Tiger Cavalry
30:49 Ming Guang Armor
30:06 Light Cavalry
32:00 Thumb Ring
34:30 Iron Casting
36:51 Onager
Ricardo Arjona
7:30 Feudal Age
8:25 Loom
11:23 Castle Age
9:33 Double-Bit Axe
10:16 Horse Collar
12:43 Bow Saw
16:22 Wheelbarrow
20:03 Hand Cart
19:46 Gold Mining
20:00 Town Watch
21:43 Stone Mining
25:15 Imperial Age
22:44 Fletching
23:34 Bodkin Arrow
23:43 Husbandry
25:04 Thumb Ring
25:14 Heavy Plow
25:39 Ballistics
25:58 Bracer
27:00 Chemistry
26:22 Conscription
28:30 Elite War Wagon
29:47 Eupseong
30:27 Gold Shaft Mining
30:27 Stone Shaft Mining
30:57 Caravan
31:22 Fortified Wall
31:24 Masonry
30:54 Treadmill Crane
31:50 Masonry
34:24 Murder Holes
34:26 Arrowslits
Cayo Mario - Siete veces Cónsul
5:22 Feudal Age
6:01 Double-Bit Axe
6:47 Horse Collar
17:24 Castle Age
16:57 Gold Mining
17:31 Bloodlines
18:07 Scale Barding Armor
19:17 Gold Shaft Mining
19:20 Chain Barding Armor
19:37 Loom
20:27 Wheelbarrow
19:37 Town Watch
21:07 Forging
23:20 Bow Saw
25:32 Iron Casting
26:26 Hand Cart
28:26 Fletching
28:52 Stone Mining
35:10 Imperial Age
33:04 Bodkin Arrow
35:20 Cavalier
35:20 Elite Steppe Lancer
36:37 Plate Barding Armor
37:02 Blast Furnace
37:35 Conscription
No Mexs, please!
7:32 Feudal Age
8:28 Double-Bit Axe
11:16 Castle Age
9:32 Horse Collar
18:45 Wheelbarrow
17:59 Loom
18:52 Town Watch
19:20 Gold Mining
20:29 Bow Saw
21:21 Hand Cart
25:39 Imperial Age
25:52 Elite Organ Gun
27:46 Chemistry
27:21 Conscription
27:23 Fletching
27:55 Bodkin Arrow
29:45 Sappers
31:19 Arquebus
Julio Argentino Roca
7:17 Feudal Age
5:46 Loom
11:11 Castle Age
15:50 Imperial Age
13:52 Double-Bit Axe
16:17 Loom
21:33 Bow Saw
22:19 Fletching
26:02 Bodkin Arrow
31:52 Bracer
33:15 Conscription
37:08 Ballistics
37:49 Chemistry
Connection lost

Rejoining the realm…

Still unreachable

The connection could not be restored.

Session expired

The server has moved on; the page needs a fresh start.